 Dungeon Crawl Stone Soup version 0.26-a0-30-g56b8cd3df0 (webtiles) character file.

Game seed: 16414033225943629470, levelgen mode: deterministic

9753 Lanoc the Carver (level 11, -13/60 HPs)
             Began as a Vampire Berserker on June 1, 2020.
             Was a High Priest of Trog.
             Killed from afar by a cyan ugly thing (44 damage)
             ... with an exploding inner flame
             ... hexed by the player character
             ... on level 2 of the Abyss.
             The game lasted 00:18:36 (9185 turns).

Lanoc the Carver (Vampire Berserker)                Turns: 9185, Time: 00:18:36

Health: -13/60     AC:  9    Str: 13    XL:     11   Next: 27%
Magic:  10/10      EV: 15    Int: 10    God:    Trog [*****.]
Gold:   526        SH:  0    Dex: 12    Spells: 10/10 levels left

rFire    . . .     SeeInvis +   E - +7 rapier (elec)
rCold    + . .     Gourm    .   (no shield)
rNeg     . . .     Faith    +   C - +3 ring mail {MR+}
rPois    +         Spirit   .   (no helmet)
rElec    .         Reflect  .   (no cloak)
rCorr    .         Harm     .   (no gloves)
MR       ++...     Rnd*Rage +   (no boots) Stlth +.........Rnd*Tele +
                                q - amulet of faith
HPRegen  0.40/turn              g - ring of poison resistance
MPRegen  0.12/turn              v - ring of protection from cold

@: regenerating quickly
A: no food, fangs 3, see invisible, [berserk 2], [clumsy 2], [frail 3], [low mp
2], [teleportitis 2], [weak 2], unbreathing, [no potion heal 2]
a: Exsanguinate, Berserk, Trog's Hand, Brothers in Arms, Renounce Religion


You were on level 2 of the Abyss.
You worshipped Trog.
Trog was extremely pleased with you.
You were alive.

You visited 3 branches of the dungeon, and saw 13 of its levels.
You visited the Abyss 1 time.

You collected 792 gold pieces.
You spent 266 gold pieces at shops.

Inventory:

Hand Weapons
 E - a +7 rapier of electrocution (weapon)
Missiles
 l - 261 arrows
 y - 2 throwing nets (quivered)
Armour
 k - a +0 plate armour
 C - a +3 ring mail of magic resistance (worn)
Jewellery
 g - a ring of poison resistance (left hand)
 q - an amulet of faith (around neck)
 v - a ring of protection from cold (right hand)
Wands
 b - a wand of clouds (4)
 j - a wand of paralysis (5)
 p - a wand of flame (22)
 A - a wand of polymorph (10)
 B - a wand of iceblast (8)
Scrolls
 e - a scroll of enchant weapon
 f - 3 scrolls of remove curse
 t - 2 scrolls of magic mapping
 u - 2 scrolls of blinking
Potions
 a - a potion of brilliance {unknown}
 d - 10 potions of curing {unknown}
 h - 4 potions of lignification
 i - a potion of cancellation
 n - 2 potions of magic
 r - a potion of stabbing
 s - 2 potions of heal wounds
 w - a potion of might
 z - a potion of mutation
 G - a potion of resistance {unknown}
Miscellaneous
 D - 2 phantom mirrors


   Skills:
 + Level 8.0 Fighting
   Level 10.6 Long Blades
 + Level 7.0 Armour
 + Level 9.2 Dodging
 + Level 3.1 Evocations


You had 10 spell levels left.
You didn't know any spells.
Your spell library was empty.

Dungeon Overview and Level Annotations

Branches:
Dungeon (11/15)            Temple (1/1) D:6            Lair (1/6) D:9
    Orc: D:9-12

Altars:
Ashenzari
Hepliaklqana
Makhleb
Ru
Sif Muna
Trog
Wu Jian

Shops:
D:5 *   D:10 *}*![

Annotations:
D:11 Sonja


Innate Abilities, Weirdness & Mutations

You do not eat.
Your natural rate of healing is unusually fast.
You have razor-sharp teeth.
You have supernaturally acute eyesight. (SInv)
You can survive without breathing.
[You often lose your temper in combat.]
[You are very clumsy. (Dex -4)]
[You are extremely frail. (-30% HP)]
[Your magical capacity is very low. (-20% MP)]
[You are sometimes teleported next to monsters.]
[You are very weak. (Str -4)]
[Potions are poor at restoring your health.]


Message History

The fiery explosion engulfs the ufetubus!!!
The ufetubus is burned terribly!
The ufetubus explodes!
The fiery explosion engulfs the cyan ugly thing!!
Flame seeps out of the cyan ugly thing.
The cyan ugly thing is heavily wounded.
The fiery explosion engulfs the ufetubus!!!
The ufetubus is burned terribly!
The ufetubus explodes!
The fiery explosion engulfs the cyan ugly thing!!
Flame seeps out of the cyan ugly thing.
The cyan ugly thing is almost dead.
The fiery explosion engulfs the ufetubus!!!
The ufetubus is burned terribly!
The ufetubus explodes!
The fiery explosion engulfs the cyan ugly thing!!
The cyan ugly thing explodes!
The fiery explosion engulfs you!!!
Ouch! That really hurt!
You die...

≈≈ ≈≈≈≈ ≈ ≈≈≈5≈≈≈≈
≈≈≈≈≈≈#
###...###.5.##
...#≈≈≈≈≈ .. #.
...#. .
u#.....#.≈≈
..........5.355.
.....≈ .
.....#.... #...
.#.
#...###...###§§.##
# # ##.## ##§## ..
#... ##§§.## # ...
#@§§..# ## #######


There were no monsters in sight!

Vanquished Creatures
  A two-headed ogre (D:9)
  An ugly thing (D:6)
  Joseph (D:8)
  A guardian serpent (Abyss:2)
  Grinder (D:6)
  5 hippogriffs
  A spriggan (D:10)
  Eustachio (D:4)
  14 yaks
  A hungry ghost (D:9)
  A water moccasin (D:6)
  An ice beast (D:7)
  A black bear (D:9)
  3 sky beasts
  2 phantoms (D:7)
  4 ogres
  7 centaurs
  Blork the orc (D:4)
  5 bullfrogs
  2 big kobolds
  A wyvern skeleton (D:9)
  3 scorpions
  A small abomination (Abyss:2)
  A water moccasin skeleton (D:11)
  4 killer bees (D:10)
  5 wights (D:8)
  5 howler monkeys
  9 crimson imps
  A quasit (D:5)
  A centaur zombie (D:5)
  7 hounds
  3 jellies
  6 orc priests
  6 worker ants
  8 orc wizards
  9 adders
  5 gnolls
  3 shadow imps
  An adder zombie (D:9)
  4 worms (D:2)
  A dart slug (D:3)
  8 leopard geckos
  32 orcs
  5 giant cockroaches
  3 goblins
  5 hobgoblins
  4 jackals
  17 kobolds
  2 quokkas
  2 ball pythons (D:2)
  4 bats
  4 frilled lizards
  A jackal skeleton (D:4)
  A leopard gecko skeleton (D:8)
  4 quokka skeletons
  5 rats
235 creatures vanquished.

Vanquished Creatures (others)
  An orc priest (D:3)
  A gnoll (D:3)
2 creatures vanquished.

Grand Total: 237 creatures vanquished

Notes
Turn   | Place    | Note
-------+----------+-------------------------------------------
     0 | D:1      | Lanoc the Vampire Berserker began the quest for the Orb.
     0 | D:1      | Reached XP level 1. HP: 17/17 MP: 1/1
    39 | D:2      | Reached XP level 2. HP: 23/23 MP: 2/2
   206 | D:2      | Reached XP level 3. HP: 20/29 MP: 3/3
   367 | D:2      | Reached XP level 4. HP: 20/35 MP: 4/4
   549 | D:2      | Reached ** piety under Trog
   556 | D:2      | Reached skill level 4 in Long Blades
   981 | D:3      | Reached XP level 5. HP: 36/41 MP: 5/5
  1182 | D:3      | Noticed a centaur
  1197 | D:3      | Killed a centaur
  1197 | D:3      | Reached XP level 6. HP: 8/47 MP: 6/6
  1465 | D:3      | Reached skill level 5 in Long Blades
  1816 | D:4      | Noticed Blork the orc
  1823 | D:4      | Killed Blork the orc
  1924 | D:4      | Noticed Eustachio
  1932 | D:4      | Killed Eustachio
  1932 | D:4      | Reached XP level 7. HP: 54/54 MP: 7/7
  2004 | D:4      | Reached *** piety under Trog
  2708 | D:4      | Reached skill level 6 in Long Blades
  2920 | D:5      | Entered Level 5 of the Dungeon
  2920 | D:5      | Found Nem Taumm's Assorted Antiques.
  2929 | D:5      | Bought a scroll labeled MOIGU DAIST for 29 gold pieces
  2929 | D:5      | Bought a scroll labeled QYBBORUI UGOA for 29 gold pieces
  2929 | D:5      | Bought a scroll labeled DOVVIO QANIDOPP for 29 gold pieces
  2929 | D:5      | Bought a scroll labeled QYBBORUI UGOA for 29 gold pieces
  3060 | D:5      | Reached skill level 5 in Dodging
  3069 | D:5      | Reached XP level 8. HP: 42/61 MP: 8/8
  3389 | D:5      | Found a burning altar of Makhleb.
  3595 | D:5      | Reached **** piety under Trog
  3597 | D:5      | Reached skill level 7 in Long Blades
  3880 | D:6      | Noticed a brown ugly thing
  3911 | D:6      | Reached skill level 5 in Fighting
  4148 | D:6      | Found a staircase to the Ecumenical Temple.
  4163 | Temple   | Entered the Ecumenical Temple
  4278 | D:6      | Reached skill level 8 in Long Blades
  4335 | D:6      | Noticed Grinder
  4376 | D:5      | Reached XP level 9. HP: 46/68 MP: 9/9
  4489 | D:6      | Killed Grinder
  4688 | D:6      | Killed a brown ugly thing
  4688 | D:6      | Reached skill level 5 in Armour
  5001 | D:6      | Reached skill level 9 in Long Blades
  5865 | D:8      | Reached ***** piety under Trog
  5865 | D:8      | Reached XP level 10. HP: 77/77 MP: 10/10
  5990 | D:8      | Got a faintly glowing leather armour
  6001 | D:8      | Identified the cursed +1 leather armour of the Exiled
                  | Stories {rF+ Dex+5} (You found it on level 8 of the
                  | Dungeon)
  6054 | D:8      | Reached skill level 10 in Long Blades
  6146 | D:8      | Noticed Joseph
  6168 | D:8      | Killed Joseph
  6789 | D:9      | Noticed a two-headed ogre
  6799 | D:9      | Killed a two-headed ogre
  7029 | D:9      | Received a gift from Trog
  7111 | D:9      | Reached skill level 1 in Evocations
  7236 | D:9      | Found a staircase to the Lair.
  7933 | Lair:1   | Entered Level 1 of the Lair of Beasts
  7951 | Lair:1   | Reached XP level 11. HP: 84/84 MP: 12/12
  8012 | D:10     | Entered Level 10 of the Dungeon
  8012 | D:10     | Found Jaivelis's Assorted Antiques.
  8017 | D:10     | Bought a scroll labeled VECHE POXTIU for 28 gold pieces
  8017 | D:10     | Bought a scroll of identify for 56 gold pieces
  8073 | D:10     | Found Xyxomai's Armour Emporium.
  8128 | D:10     | Found Focaci's Distillery.
  8390 | D:10     | Found Napsaf's Gadget Shoppe.
  8446 | D:10     | Found Githreumo's Assorted Antiques.
  8458 | D:10     | Bought a scroll labeled AKLUS HIVVAXT for 17 gold pieces
  8458 | D:10     | Bought a scroll labeled QUXAGR MUMEJO for 17 gold pieces
  8458 | D:10     | Bought a scroll labeled AKLUS HIVVAXT for 17 gold pieces
  8458 | D:10     | Bought a fuming brown potion for 15 gold pieces
  8954 | D:11     | Noticed Sonja
  9020 | D:11     | Cast into level 2 of the Abyss (Sonja)
  9097 | Abyss:2  | Noticed a wretched star
  9121 | Abyss:2  | Noticed a large abomination
  9155 | Abyss:2  | Noticed a cyan very ugly thing
  9155 | Abyss:2  | Noticed a cyan ugly thing
  9185 | Abyss:2  | Killed a cyan ugly thing
  9185 | Abyss:2  | Killed from afar by a cyan ugly thing

Illustrated notes

Levels and vault maps discovered:
D:1:      dpeg_arrival_pits, layout_basic, roderic_lattice_a
D:2:      layout_basic
D:3:      layout_rooms
D:4:      layout_basic, uniq_eustachio, uniq_blork_the_orc
D:5:      layout_basic, marbit_many_paths, serial_shops, shop_coins,
          first_ration, minmay_a_box_with_orc_wizards_in_it
D:6:      layout_loops_ring, minmay_temple_entry_offerings, kb_rosetta,
          uniq_grinder
D:7:      layout_rooms, serial_rivers, chequers_serial_rivers_micro_d,
          chequers_serial_rivers_micro_a, chequers_serial_rivers_small_a,
          chequers_serial_rivers_small_3
D:8:      layout_loops_ring, uniq_joseph
D:9:      layout_long_grid, lair_entry_dummy
D:10:     layout_long_grid, serial_shops, shop_statue, nicolae_shop_statue_plus,
          shop, nicolae_shop_crystal, nicolae_shop_overgrown_old_shop,
          the_bakery
D:11:     layout_basic, minmay_hollow_rounded_squares, uniq_sonja
Temple:   compressed_dpeg_triangle_lava_temple
Lair:1:   layout_roguey, st_stairs_6, uniq_urug
Abyss:2:  base:
D:5

Skill      XL: |  1  2  3  4  5  6  7  8  9 10 11 |
---------------+----------------------------------+-----
Fighting       | 3 4 5 6 7 8 |  8.0
Armour         | 2 3 4 5 6 7 |  7.0
Long Blades    | 4 5 6 8 9 10 | 10.6
Dodging        | 3 4 5 6 7 8 9 |  9.2
Evocations     | 2 3 |  3.1

Action                   |  1- 3 |  4- 6 |  7- 9 | 10-12 || total
-------------------------+-------+-------+-------+-------++-------
Melee: Falchion          |    50 |    21 |       |       ||    71
       Bite              |     5 |    13 |    42 |    46 ||   106
       Short sword       |       |   123 |   350 |   172 ||   645
       Rapier            |       |       |       |   159 ||   159
Invok: Berserk           |     4 |     6 |    14 |    10 ||    34
       Trog's Hand       |       |       |     1 |     2 ||     3
  Use: Potion            |       |     1 |       |       ||     1
       Scroll            |       |       |     9 |    11 ||    20
 Stab: Sleeping          |     1 |     3 |       |       ||     4
       Invisible         |       |     1 |       |       ||     1
Armor: Animal skin       |    11 |    22 |    29 |       ||    62
       Chain mail        |       |       |    38 |    19 ||    57
       Ring mail         |       |       |       |    64 ||    64
       Leather armour    |       |       |       |     1 ||     1
Dodge: Dodged            |    26 |   147 |   215 |   223 ||   611
       Rpst.: Falchion   |    13 |    15 |       |       ||    28

Table legend:
 A = Non-vault XP
 B = Vault XP
 C = Vault XP percentage of total XP
 D = Non-vault monster count
 E = Vault monster count
 F = Vault count percentage of total count
                 A         B        C        D         E       F
            +---------+---------+-------+---------+---------+-------
      Total |   11798 |    2136 |  15.3 |     224 |      12 |   5.1
            +---------+---------+-------+---------+---------+-------
        D:2 |     138 |       0 |   0.0 |      28 |       0 |   0.0
        D:3 |     344 |       0 |   0.0 |      32 |       0 |   0.0
        D:4 |     275 |     310 |  53.0 |       9 |       2 |  18.2
        D:5 |    1112 |      81 |   6.8 |      34 |       3 |   8.1
        D:6 |     877 |    1046 |  54.4 |      17 |       5 |  22.7
        D:7 |    1314 |       0 |   0.0 |      20 |       0 |   0.0
        D:8 |    1517 |     455 |  23.1 |      25 |       1 |   3.8
        D:9 |    3012 |       0 |   0.0 |      34 |       0 |   0.0
       D:10 |    1499 |     244 |  14.0 |      15 |       1 |   6.2
       D:11 |      77 |       0 |   0.0 |       2 |       0 |   0.0
     Lair:1 |    1071 |       0 |   0.0 |       5 |       0 |   0.0
    Abyss:2 |     562 |       0 |   0.0 |       3 |       0 |   0.0
            +---------+---------+-------+---------+---------+-------
